[Event "Early-Titled-Tuesday-Blitz-July-09-2024"]
[Site "Chess.com"]
[Date "2024.07.09"]
[Round "3"]
[White "Yan_Dyomin2010"]
[Black "DenLaz"]
[Result "0-1"]
[WhiteElo "2762"]
[BlackElo "3144"]
[TimeControl "180+1"]
[EndTime "8:28:55 PDT"]
[Termination "DenLaz won by resignation"]

1. e4 c5 2. Nf3 e6 3. c3 d5 4. exd5 Qxd5 5. d4 Nf6 6. a3 Be7 7.
Be3 b6 8. c4 Qd8 9. Nc3 cxd4 10.
Nxd4 Bb7 11. Be2 O-O 12. Bf3 Qc8 13. O-O Nbd7 14. Bxb7 Qxb7 15. b3 Rac8 16. Qc2 Rfd8 17. Rad1 a6 18. a4 h6 19. Nf3 b5 20. cxb5 axb5 21.
Qb2 bxa4 22. Nxa4 Rb8 23. Rd3 Nd5 24. Rfd1 Bf6 25. Qe2 Rdc8 26. h3 Qb5 27. Qd2 Nf8 28. Bd4 Ng6 29. Bxf6 Nxf6 30. Nc3 Qxb3 31. Nd5 Qb2 32.
Qxb2 Rxb2 33. Nxf6+ gxf6 34. Rd8+ Rxd8 35. Rxd8+ Kg7 36. Rd2 Rb4 37. g3 f5 38. Kg2 Kf6 39.
Rd6 h5 40. h4 f4 41. Rd7 fxg3 42. fxg3 Rb2+ 43. Kg1 Rb3 44. Kg2 Rxf3 0-1

[Event "Early-Titled-Tuesday-Blitz-July-09-2024"]
[Site "Chess.com"]
[Date "2024.07.09"]
[Round "3"]
[White "stollenmonster"]
[Black "CristianS27"]
[Result "1/2-1/2"]
[WhiteElo "2882"]
[BlackElo "2523"]
[TimeControl "180+1"]
[EndTime "8:28:57 PDT"]
[Termination "Game drawn by repetition"]

1. e4 e5 2. Nc3 Nf6 3. g3 d5 4. exd5 Nxd5 5. Bg2 Nxc3 6. bxc3 Nc6 7. d3 Bc5 8. Ne2 O-O 9. O-O Bb6 10. h3 f5 11.
Kh2 f4 12. Be4 Bxf2 13. Rxf2 fxg3+ 14. Kxg3 Rxf2 15. Kxf2 Qh4+ 16. Kg1 Bxh3 17. Be3 Rf8 18. Qe1 Rf1+ 19. Qxf1 Bxf1 20. Rxf1 Qg4+ 21. Kf2 Qh4+ 22. Kg2 Ne7 23. Ng3 c6 24. Bxa7 Nd5 25. Ne2 Qg4+ 26. Kf2 Qh4+ 27. Kg2 Qg4+ 28. Kf2 h5 29. c4 Qh4+ 30. Kg2 Qg4+ 31. Kf2 Qh4+ 32. Kg2 Qg4+ 33. Kf2 1/2-1/2

[Event "Early-Titled-Tuesday-Blitz-July-09-2024"]
[Site "Chess.com"]
[Date "2024.07.09"]
[Round "3"]
[White "Dmitry_Ponomarev"]
[Black "Matols"]
[Result "1-0"]
[WhiteElo "2533"]
[BlackElo "2347"]
[TimeControl "180+1"]
[EndTime "8:28:58 PDT"]
[Termination "Dmitry_Ponomarev won by resignation"]

1. e4 c6 2. d4 d5 3. Nd2 dxe4 4. Nxe4 Nf6 5. Nxf6+ exf6 6. Nf3 Bd6 7. c3 O-O 8.
Bd3 Re8+ 9. Be3 Na6 10. O-O Nc7 11. c4 Bg4 12. h3 Bh5 13. Be2 Ne6 14. Nd2 Bxe2 15.
Qxe2 Nxd4 16. Qd3 Nf3+ 17. Kh1 Ne5 18. Qc2 Bc7 19. Rad1 Qd3 20. Qc1 Qg6 21. Nb3 Rad8 22. Qc3 b6 23. Nd4 Qh5 24. Kg1 Ng4 25. Nxc6 Rxd1 26. Rxd1 Nxe3 27. Re1 Qc5 28. Nd4 Rd8 29. Qxe3 g6 30. Nc2 Qxc4 31. Na3 Qxa2 32. Qe7 Qxb2 33. Qxc7 Rd2 34. Nc4 Qc2 35. Qb8+ Kg7 36. Nxd2 Qxd2 37. Re8 Qd1+ 38. Kh2 Qd2 39. Rg8+ Kh6 40. Qg3 1-0

[Event "Early-Titled-Tuesday-Blitz-July-09-2024"]
[Site "Chess.com"]
[Date "2024.07.09"]
[Round "3"]
[White "VladimirKramnik"]
[Black "Herzog2012"]
[Result "1-0"]
[WhiteElo "2997"]
[BlackElo "2730"]
[TimeControl "180+1"]
[EndTime "8:29:02 PDT"]
[Termination "VladimirKramnik won on time"]

1. c4 e5 2. d3 Nf6 3. Nf3 Nc6 4. a3 d5 5. cxd5 Nxd5 6. Qc2 Be7 7. e3 O-O 8. Be2 a5 9. b3 Be6 10. Bb2 f6 11. Nbd2 Qd7 12. O-O Rfd8 13. Rfd1 Rac8 14. Ne4 Qe8 15. Rac1 Qf7 16. Nfd2 Nb6 17. Nc4 Nxc4 18. dxc4 f5 19. Nc3 e4 20. Nd5 Bf8 21. Qc3 b6 22. h4 Bd6 23. b4 Be5 24. Qb3 Bxb2 25. Qxb2 axb4 26. axb4 Rd6 27. Nf4 Rxd1+ 28. Rxd1 Bxc4 29.
Bxc4 Qxc4 30. Rd7 Nd4 31. Rxd4 Qf7 32. b5 Ra8 33. Qd2 h6 34. Rd8+ Rxd8 35. Qxd8+ Kh7 36. h5 Qg8 37. Qxc7 Qb3 38. Qxb6 Qd1+ 39. Kh2 Qd2 40.
Qg6+ Kh8 41. Qg3 Qb2 42. Ne6 g5 43. Qb8+ Kh7 44. Qc7+ Kh8 45. b6 f4 46. b7 1-0

[Event "Early-Titled-Tuesday-Blitz-July-09-2024"]
[Site "Chess.com"]
[Date "2024.07.09"]
[Round "3"]
[White "Prizant_academy"]
[Black "Didici"]
[Result "1-0"]
[WhiteElo "3029"]
[BlackElo "2750"]
[TimeControl "180+1"]
[EndTime "8:29:04 PDT"]
[Termination "Prizant_academy won by resignation"]

1. d4 Nf6 2. c4 e6 3. Bf4 d5 4.
Nc3 Bd6 5. Bg3 h5 6. Nf3 Ne4 7. cxd5 exd5 8. e3 h4 9. Bxd6 Qxd6 10. h3 Nd7 11. Bd3 f5 12. O-O c6 13. Qc2 Qe7 14. Rab1 g5 15. b4 g4 16. hxg4 h3 17. g3 Ndf6 18.
gxf5 Bxf5 19. Ne5 Nxc3 20. Bxf5 Nxb1 21. Rxb1 Qg7 22. b5 O-O 23. bxc6 bxc6 24. Be6+ Kh8 25. Ng6+ 1-0

[Event "Early-Titled-Tuesday-Blitz-July-09-2024"]
[Site "Chess.com"]
[Date "2024.07.09"]
[Round "3"]
[White "Bond_7_7_7"]
[Black "BeanScreen"]
[Result "0-1"]
[WhiteElo "2461"]
[BlackElo "2681"]
[TimeControl "180+1"]
[EndTime "8:29:04 PDT"]
[Termination "BeanScreen won by resignation"]

1. e4 e5 2. Nf3 Nc6 3. Nc3 Nf6 4. a3 d5 5. Bb5 Nxe4 6. Qe2 Nxc3 7. Qxe5+ Be7 8. Qxc3 O-O 9. d4 Qd6 10. O-O Bf6 11.
h3 Bf5 12. Bxc6 bxc6 13. Be3 Rfe8 14. Qd2 Be4 15. Bf4 Qe6 16. Nh2 c5 17. dxc5 Bxb2 18. Rae1 Qf6 19. Ng4 Qc3 20. Qxc3 Bxc3 21. Re2 h5 22.
Ne3 Bd4 23. Bxc7 Bxc5 24. Rfe1 Bxa3 25. Nxd5 f5 26. f3 Bc5+ 27. Kh1 Bf2 28. fxe4 Bxe1 29.
Rxe1 Rxe4 30. Rxe4 fxe4 31. Ba5 Kf7 32. Kg1 Rc8 33.
c3 Rc5 0-1

[Event "Early-Titled-Tuesday-Blitz-July-09-2024"]
[Site "Chess.com"]
[Date "2024.07.09"]
[Round "3"]
[White "Hirna2005"]
[Black "annasargsyan_m"]
[Result "0-1"]
[WhiteElo "2426"]
[BlackElo "2649"]
[TimeControl "180+1"]
[EndTime "8:29:05 PDT"]
[Termination "annasargsyan_m won on time"]

1. e4 c6 2. Nc3 d5 3. Nf3 Bg4 4. h3 Bxf3 5. Qxf3 Nf6 6. d3 e6 7. Bd2 Bb4 8. a3 Bxc3 9. Bxc3 O-O 10. Be2 d4 11. Bd2 c5 12. O-O Nc6 13. Qg3 Kh8 14.
f4 b5 15. a4 a6 16. Qf3 Qb6 17. b3 c4 18. bxc4 bxc4 19. Rfb1 Qc5 20. Bc1 Rfb8 21.
Rxb8+ Rxb8 22. Ba3 Qa5 23. dxc4 Qxa4 24. Bd3 e5 25. fxe5 Nxe5 26. Qg3 Nfd7 27. Bb2 Qc6 28. Bxd4 f6 29. Kh2 Nxc4 30. Rf1 Nce5 31. h4 Qd6 32. Bf2 h5 33. Kg1 a5 34. Ra1 a4 35. Rxa4 Rb1+ 36. Bf1 Qd1 0-1

[Event "Early-Titled-Tuesday-Blitz-July-09-2024"]
[Site "Chess.com"]
[Date "2024.07.09"]
[Round "3"]
[White "adreyd"]
[Black "Aslanov_Umid"]
[Result "0-1"]
[WhiteElo "2420"]
[BlackElo "2638"]
[TimeControl "180+1"]
[EndTime "8:29:06 PDT"]
[Termination "Aslanov_Umid won on time"]

1. d4 d5 2. Nf3 Nf6 3. Bg5 e6 4. Nbd2 Be7 5. e3 O-O 6. Bd3 h6 7. Bh4 b6 8. Qe2 Bb7 9. O-O Ne4 10. Bxe7 Qxe7 11. a4 a5 12. c3 Nd7 13. Rfe1 f5 14.
Bb5 Ndf6 15. Ne5 Nxd2 16. Qxd2 Rfc8 17. f3 c6 18. Bd3 Nd7 19. Nxd7 Qxd7 20. e4 fxe4 21.
fxe4 c5 22. e5 cxd4 23. cxd4 Ba6 24. Bg6 Rf8 25. Rac1 Rac8 26. b3 Rxc1 27. Rxc1 Qe7 28. g3 Qa3 29. Qc2 Qb4 30. Rd1 Rc8 31. Qb2 Rc3 32.
Kg2 Rxb3 33. Qf2 Rb2 34. Rd2 Rxd2 0-1

[Event "Early-Titled-Tuesday-Blitz-July-09-2024"]
[Site "Chess.com"]
[Date "2024.07.09"]
[Round "3"]
[White "GHANDEEVAM2003"]
[Black "forevery0ung"]
[Result "1-0"]
[WhiteElo "3184"]
[BlackElo "2776"]
[TimeControl "180+1"]
[EndTime "8:29:09 PDT"]
[Termination "GHANDEEVAM2003 won on time"]

1. c4 e5 2. d3 Bb4+ 3. Nd2 a5 4. g3 Nf6 5. Bg2 O-O 6. Nf3 d6 7. O-O Re8 8. a3 Bc5 9. b3 Bg4 10. Bb2 Qc8 11. e3 Nc6 12. Qc2 Bh3 13. d4 Bxg2 14.
Kxg2 exd4 15. exd4 Ba7 16. Rae1 d5 17. c5 Qg4 18. h3 Qg6 19. Qxg6 hxg6 20. Rxe8+ Rxe8 21. Re1 Rxe1 22. Nxe1 b6 23. Nd3 Ne4 24. cxb6 Bxb6 25. Nxe4 dxe4 26. Nc5 f5 27. f3 exf3+ 28. Kxf3 Kf7 29.
Ke3 g5 30. Kd3 g6 31. Bc1 g4 32. hxg4 fxg4 33. Ke4 Bxc5 34. dxc5 Ke6 35. Bd2 Kd7 36. Kf4 Ke6 37. Kxg4 Kd5 38. Kg5 Kxc5 39. Kxg6 Kd5 40. g4 Ke4 41. g5 Kd3 42. Kf6 1-0

[Event "Early-Titled-Tuesday-Blitz-July-09-2024"]
[Site "Chess.com"]
[Date "2024.07.09"]
[Round "3"]
[White "mishanick"]
[Black "Arteler"]
[Result "0-1"]
[WhiteElo "3084"]
[BlackElo "2288"]
[TimeControl "180+1"]
[EndTime "8:29:09 PDT"]
[Termination "Arteler won on time"]

1. d4 d5 2. Nf3 Nf6 3. c4 c6 4. g3 a6 5. Bg2 Bf5 6. Qb3 Ra7 7. O-O e6 8. c5 Nbd7 9. Nc3 Be7 10. Nh4 Bg4 11. Na4 O-O 12. Nf3 Bxf3 13. Bxf3 e5 14. e3 Re8 15. Bd2 Qc7 16. Rfe1 Raa8 17. Bg2 Rad8 18. Qb4 Ne4 19. Qa5 Qb8 20. Bb4 Bf6 21. Bc3 Nf8 22. Rad1 Ne6 23. Bxe4 dxe4 24. dxe5 Bxe5 25.
Kg2 h5 26. h3 h4 27. g4 Bxc3 28. Qxc3 Ng5 29. Rh1 Nf3 30. Rd4 Nxd4 31. exd4 e3 32. Rf1 Qf4 33. Qb3 Rxd4 34. Nc3 Rd2 0-1

[Event "Early-Titled-Tuesday-Blitz-July-09-2024"]
[Site "Chess.com"]
[Date "2024.07.09"]
[Round "3"]
[White "JueIes"]
[Black "Vision_64"]
[Result "1-0"]
[WhiteElo "2558"]
[BlackElo "2303"]
[TimeControl "180+1"]
[EndTime "8:29:10 PDT"]
[Termination "JueIes won by resignation"]

1. c4 Nf6 2. d4 c5 3. d5 b5 4. cxb5 a6 5. b6 Qxb6 6. Nc3 d6 7. e4 g6 8. a4 Bg7 9. a5 Qc7 10. Bc4 Nbd7 11. Nf3 O-O 12. O-O Rb8 13. Qc2 Ng4 14. Re1 Nge5 15. Nxe5 Nxe5 16. Bf1 f5 17. f4 Ng4 18. e5 dxe5 19. Bc4 Kh8 20. h3 Nh6 21. fxe5 f4 22. b3 Bxe5 23. Rxe5 Qxe5 24. Bb2 Qe3+ 25. Kh1 Nf5 26. Nd1+ Qd4 27. Bxd4+ Nxd4 28. Qd3 Bf5 29. Qd2 f3 30. g4 Bc2 31. Nf2 Bxb3 32. Bxa6 Bxd5 33. Qc3 Ba8 34. Qxc5 Nb3 35. Qe5+ Rf6 36. Qxb8+ 1-0

[Event "Early-Titled-Tuesday-Blitz-July-09-2024"]
[Site "Chess.com"]
[Date "2024.07.09"]
[Round "3"]
[White "Payyappat"]
[Black "ilya2700"]
[Result "0-1"]
[WhiteElo "2408"]
[BlackElo "2231"]
[TimeControl "180+1"]
[EndTime "8:29:12 PDT"]
[Termination "ilya2700 won by resignation"]

1. e4 c5 2. Nf3 e6 3. d4 cxd4 4. Nxd4 Nf6 5. Nc3 Nc6 6. Be3 Bb4 7. Bd3 d5 8. O-O O-O 9. Nxc6 bxc6 10. e5 Nd7 11.
Na4 Nxe5 12. Bxh7+ Kxh7 13. Qh5+ Kg8 14. Qxe5 Bd6 15.
Qh5 e5 16. f4 d4 17. Bd2 e4 18. f5 e3 19. Rf3 exd2 20. g4 Re8 21. Rh3 f6 22.
Qh7+ Kf7 23. Qg6+ Kg8 24. g5 Bxf5 25. Qxf5 Re1+ 26. Kf2 Rxa1 27. Qh7+ Kf8 28. Qh8+ Kf7 29. g6+ Ke6 30. Qxg7 d1=Q 31. Qf7+ Kf5 32. Rf3+ Qxf3+ 33. Kxf3 Qe7 0-1

[Event "Early-Titled-Tuesday-Blitz-July-09-2024"]
[Site "Chess.com"]
[Date "2024.07.09"]
[Round "3"]
[White "kacperkarwowski"]
[Black "Kobalia"]
[Result "0-1"]
[WhiteElo "2551"]
[BlackElo "2796"]
[TimeControl "180+1"]
[EndTime "8:29:13 PDT"]
[Termination "Kobalia won by resignation"]

1. e4 c5 2. Nf3 e6 3. d4 cxd4 4. Nxd4 Nc6 5. Nc3 a6 6. Be3 Nf6 7. a3 d6 8. f4 Be7 9. Qf3 O-O 10. Nxc6 bxc6 11. g4 d5 12. g5 Nd7 13. h4 Rb8 14. O-O-O Qa5 15. Nb1 Bc5 16. Bxc5 Qxc5 17. Qc3 a5 18. Qxc5 Nxc5 19. Nc3 f6 20. exd5 exd5 21. Bh3 Bxh3 22. Rxh3 Rbe8 23. Rg3 fxg5 24. fxg5 Rf2 25. h5 Re5 26. g6 Rxh5 27. gxh7+ Kh8 28. Rdg1 Rhh2 29.
Nd1 Rxc2+ 30. Kb1 Rcd2 31. Rxg7 Rxd1+ 32. Rxd1 Kxg7 33. Rc1 Rxb2+ 34. Ka1 Nb3+ 35. Kxb2 Nxc1 0-1

[Event "Early-Titled-Tuesday-Blitz-July-09-2024"]
[Site "Chess.com"]
[Date "2024.07.09"]
[Round "3"]
[White "amanjazu"]
[Black "Vladimir_Zakhartsov"]
[Result "0-1"]
[WhiteElo "2596"]
[BlackElo "2882"]
[TimeControl "180+1"]
[EndTime "8:29:14 PDT"]
[Termination "Vladimir_Zakhartsov won on time"]

1. e4 c5 2. Nc3 d6 3. g3 g6 4.
Bg2 Bg7 5. d3 Nc6 6. Be3 Rb8 7.
Nf3 Bg4 8. h3 Bxf3 9. Bxf3 b5 10. Qd2 b4 11. Nd1 Nf6 12. O-O O-O 13. Bg2 a5 14. f4 Nd7 15. c3 a4 16. a3 Qa5 17.
Rf2 bxc3 18. bxc3 Rb3 19. d4 cxd4 20. cxd4 Qxd2 21. Rxd2 Rxe3 22. Nxe3 Bxd4 23. Re1 Bc3 24. Red1 Bxd2 25. Rxd2 Na5 26. e5 Nb3 27. Rd1 Rc8 28.
exd6 e6 29. Ng4 f6 30. Re1 Kf7 31. Bd5 Nf8 32. Bxb3 axb3 33. Rb1 Rc3 34. Kf2 Nd7 35. Ne3 Nc5 36. Ke2 Rd3 37. Rc1 b2 38. Rb1 Rb3 39.
Nc4 Na4 40. Kd2 Ke8 41. Rd1 b1=Q 0-1

[Event "Early-Titled-Tuesday-Blitz-July-09-2024"]
[Site "Chess.com"]
[Date "2024.07.09"]
[Round "3"]
[White "GeorgiosSouleidis"]
[Black "GM-2024-GM"]
[Result "1-0"]
[WhiteElo "2657"]
[BlackElo "2332"]
[TimeControl "180+1"]
[EndTime "8:29:14 PDT"]
[Termination "GeorgiosSouleidis won on time"]

1. e4 c5 2. Be2 e6 3. d3 Nc6 4.
f4 d5 5. Nf3 Nf6 6. e5 Nd7 7.
O-O Be7 8. c4 Nb6 9. a4 a5 10.
Nc3 O-O 11. Nb5 f6 12. Be3 Bd7 13. b3 Nb4 14. exf6 Bxf6 15. Bxc5 Bxb5 16. axb5 Bxa1 17. Bxf8 Qxf8 18. Qxa1 a4 19. bxa4 Rxa4 20. Qe5 Qe7 21. Qb8+ Kf7 22. Ne5+ Kf6 23. Qh8 Nd7 24. Qxh7 Nxe5 25. Qh4+ Kf7 26. fxe5+ Ke8 27. Qh8+ Kd7 28. Qg8 Qc5+ 29. Kh1 Kc7 30. Qxe6 Kb8 31. b6 1-0

[Event "Early-Titled-Tuesday-Blitz-July-09-2024"]
[Site "Chess.com"]
[Date "2024.07.09"]
[Round "3"]
[White "GiorgianBarbosa"]
[Black "Austen48"]
[Result "1-0"]
[WhiteElo "2499"]
[BlackElo "2291"]
[TimeControl "180+1"]
[EndTime "8:29:14 PDT"]
[Termination "GiorgianBarbosa won on time"]

1. b3 Nf6 2. Bb2 e6 3. g3 d5 4. Bg2 Be7 5. Nf3 O-O 6. O-O c5 7. d3 b6 8. Nbd2 Bb7 9. Qe1 Nbd7 10. e4 dxe4 11. dxe4 Qc7 12. a4 Rfd8 13. Qe2 h6 14. e5 Nh7 15. Nc4 Ndf8 16. Nfd2 Bxg2 17. Kxg2 Rd7 18. Ne4 Rad8 19. Ned6 Bxd6 20. Nxd6 f6 21.
exf6 Qxd6 22. fxg7 Ng6 23. Kg1 Ng5 24. h4 Nh3+ 25.
Kh2 Nhf4 26. Qg4 h5 27. Qg5 Qd5 28. gxf4 Qxg5 29. fxg5 Nxh4 30. Bf6 Re8 31. Rad1 Rd5 32. c4 Rxd1 33. Rxd1 Nf5 34. Rd7 e5 35. Rxa7 e4 36.
Rb7 e3 37. fxe3 Nxe3 38. Rxb6 Ng4+ 39. Kg3 Re3+ 40. Kh4 Kh7 41. Rb8 Nxf6 42. gxf6 Re4+ 43. Kxh5 Re5+ 44. Kg4 Re4+ 45. Kf5 1-0

[Event "Early-Titled-Tuesday-Blitz-July-09-2024"]
[Site "Chess.com"]
[Date "2024.07.09"]
[Round "3"]
[White "bubeliang"]
[Black "zverr1"]
[Result "1-0"]
[WhiteElo "2828"]
[BlackElo "2561"]
[TimeControl "180+1"]
[EndTime "8:29:15 PDT"]
[Termination "bubeliang won on time"]

1. e4 c5 2. c3 g6 3. d4 cxd4 4. cxd4 d5 5. e5 a6 6. h3 Nc6 7. Nf3 Bg7 8. Bd3 f6 9. O-O fxe5 10. dxe5 Nxe5 11. Nxe5 Bxe5 12. Re1 Bg7 13. Nc3 Nf6 14. Qe2 e6 15. Bf4 O-O 16. Be5 Bd7 17. Rac1 Qe7 18. Qe3 Rfe8 19. Qd4 Qf7 20. Ne2 Rac8 21. b4 Nh5 22. f4 Nf6 23. Qe3 Bc6 24. Nd4 Bd7 25.
Nf3 Bc6 26. Qd4 Ne4 27. Bxg7 Qxg7 28. Ne5 Nd6 29. a3 Bd7 30. Qb6 Nc4 31. Nxc4 dxc4 32. Bxc4 Rc6 33. Qe3 Rec8 34. Be2 Rxc1 35. Rxc1 Rxc1+ 36. Qxc1 Qd4+ 37. Kh2 Bc6 38. Kg3 e5 39. Qc4+ Kg7 40.
Qxd4 exd4 41. Bd3 Kf6 42. Kf2 h6 43. g4 g5 44. Kg3 Bd5 45. h4 gxf4+ 46. Kxf4 Bc6 47.
g5+ hxg5+ 48. hxg5+ Ke6 49. Bc4+ Ke7 50. Ke5 d3 51. Bxd3 Kf7 52. Bf5 a5 53. bxa5 Bb5 54. Kd6 Ba6 55. Kc7 Be2 56. Be4 1-0

[Event "Early-Titled-Tuesday-Blitz-July-09-2024"]
[Site "Chess.com"]
[Date "2024.07.09"]
[Round "3"]
[White "ManMish2"]
[Black "andy07670"]
[Result "0-1"]
[WhiteElo "2599"]
[BlackElo "2480"]
[TimeControl "180+1"]
[EndTime "8:29:15 PDT"]
[Termination "andy07670 won on time"]

1. e4 c5 2. c3 d6 3. d4 cxd4 4.
cxd4 e6 5. Nc3 Nf6 6. Nf3 Be7 7.
Bd3 h6 8. O-O O-O 9. Qe2 a6 10.
e5 dxe5 11. dxe5 Nd5 12. Qe4 f5 13. exf6 Nxf6 14. Qe2 Nc6 15. Rd1 Qa5 16. Bc4 Qf5 17.
Bd3 Qh5 18. Ne4 Ne5 19. Nxf6+ Bxf6 20. Be4 Bd7 21. Bf4 Bc6 22. Bxe5 Bxe5 23. Bxc6 Bxh2+ 24.
Kf1 bxc6 25. Qxe6+ Kh8 26. Qxc6 Bf4 27. Kg1 Rac8 28.
Qd5 Qg4 29. Qd4 Qg6 30. Ne5 Qf6 0-1

[Event "Early-Titled-Tuesday-Blitz-July-09-2024"]
[Site "Chess.com"]
[Date "2024.07.09"]
[Round "3"]
[White "Antek_Radzimski"]
[Black "Byniolus"]
[Result "1-0"]
[WhiteElo "2571"]
[BlackElo "2789"]
[TimeControl "180+1"]
[EndTime "8:29:16 PDT"]
[Termination "Antek_Radzimski won by resignation"]

1. d4 d6 2. e4 Nf6 3. Nc3 c6 4. Nf3 Bg4 5. Be2 e6 6. a4 d5 7. Bg5 Be7 8. Bxf6 Bxf6 9. e5 Be7 10. h3 Bxf3 11. Bxf3 c5 12. dxc5 Nc6 13. Qe2 Bxc5 14. O-O Bd4 15. Rad1 O-O 16. Rfe1 Qb6 17. Nb5 Bxe5 18.
c4 a6 19. Nc3 Bxc3 20. bxc3 dxc4 21. Qxc4 Na5 22. Qb4 Qc7 23. Rb1 Rab8 24. Red1 Rfc8 25. Rd3 h6 26. Rbd1 Qc5 27. Rd8+ Kh7 28. Qxc5 Rxc5 29. Rxb8 Rxc3 30. Bxb7 Ra3 31. Bxa6 Rxa4 32. Bd3+ g6 33. Ra8 Kg7 34. Bc2 Rc4 35. Rxa5 Rxc2 36. Ra7 1-0

[Event "Early-Titled-Tuesday-Blitz-July-09-2024"]
[Site "Chess.com"]
[Date "2024.07.09"]
[Round "3"]
[White "yesilikeorangejuice"]
[Black "lluiss"]
[Result "1-0"]
[WhiteElo "2540"]
[BlackElo "2178"]
[TimeControl "180+1"]
[EndTime "8:29:16 PDT"]
[Termination "yesilikeorangejuice won on time"]

1. e4 c5 2. c3 d5 3. exd5 Qxd5 4. d4 Nf6 5. Nf3 Bg4 6. Be2 e6 7. O-O Nc6 8. h3 Bh5 9. Be3 cxd4 10. cxd4 Be7 11.
Nc3 Qd6 12. Nb5 Qb8 13. Rc1 a6 14. Nc3 O-O 15. Na4 Rd8 16. Nb6 Ra7 17. Qb3 Nd5 18.
Nxd5 exd5 19. g4 Bg6 20. Rfd1 Ra8 21. Ne1 Qd6 22. Qxb7 Rac8 23. Qxa6 Rc7 24. Nd3 Bxd3 25. Rxd3 Rdc8 26. Rdc3 h5 27. b4 Nxb4 28. Rxc7 Rxc7 29. Qa8+ Bf8 30. Rxc7 Qxc7 31. Qa3 Nc6 32. Qc3 Qd7 33. Bb5 hxg4 34. Qxc6 1-0

[Event "Early-Titled-Tuesday-Blitz-July-09-2024"]
[Site "Chess.com"]
[Date "2024.07.09"]
[Round "3"]
[White "Yaacovn"]
[Black "EgorYakovlev"]
[Result "1-0"]
[WhiteElo "2781"]
[BlackElo "2500"]
[TimeControl "180+1"]
[EndTime "8:29:17 PDT"]
[Termination "Yaacovn won on time"]

1. d4 Nf6 2. e3 c5 3. c3 b6 4.
f4 Bb7 5. Nf3 d6 6. Bd3 g6 7.
O-O Bg7 8. f5 O-O 9. Qe1 Nc6 10.
Qh4 e5 11. fxe6 fxe6 12. Nbd2 Qe7 13. Qh3 Rae8 14. Ne4 Nxe4 15. Bxe4 d5 16. Bc2 e5 17.
Bb3 Na5 18. dxe5 Bxe5 19. Bd2 Nxb3 20. axb3 a5 21. Ra4 Bc8 22. Qh4 Qxh4 23. Rxh4 Ba6 24. Re1 Bf6 25. Rf4 Kg7 26. h4 Bd3 27. b4 axb4 28.
cxb4 Bxb2 29. bxc5 bxc5 30. Ng5 Rxf4 31. exf4 Rxe1+ 32. Bxe1 c4 33. Kf2 c3 34. Ne6+ Kf6 35. Nc5 Bf5 36.
g4 1-0

[Event "Early-Titled-Tuesday-Blitz-July-09-2024"]
[Site "Chess.com"]
[Date "2024.07.09"]
[Round "3"]
[White "DucksParadise"]
[Black "Cheer_Down"]
[Result "0-1"]
[WhiteElo "2617"]
[BlackElo "2435"]
[TimeControl "180+1"]
[EndTime "8:29:17 PDT"]
[Termination "Cheer_Down won on time"]

1. g3 d5 2. Bg2 e5 3. e3 Nc6 4.
Ne2 h5 5. h3 Nf6 6. b3 Bd6 7.
Bb2 Ne7 8. d4 e4 9. c4 c6 10. Qd2 Ng6 11. Ba3 Bxa3 12. Nxa3 a6 13. Qb4 b5 14. cxd5 cxd5 15. Rc1 Qe7 16. Qxe7+ Kxe7 17. Rc7+ Bd7 18. Kd2 Rhc8 19. Rhc1 Kd6 20. R7c5 Be6 21.
Nc2 Nd7 22. Rxc8 Rxc8 23. Nb4 Rxc1 24. Nxc1 Nb8 25. h4 Ne7 26. Ne2 Ng6 27. f3 f5 28.
Nf4 Nxf4 29. gxf4 a5 30. Nc2 Nc6 31. fxe4 dxe4 32. Bf1 b4 33. Be2 g6 34. Bb5 Ne7 35.
Bc4 Bd5 36. Ne1 Nc8 37. Nc2 Nb6 38. Bb5 Bc6 39. Bxc6 Kxc6 40. a3 Nd5 41. axb4 axb4 42. Ne1 Kb5 43. Nc2 Nc3 44. Ne1 Nd5 45. Nc2 Ne7 46. Ke2 Nc6 47. d5 Na5 0-1

[Event "Early-Titled-Tuesday-Blitz-July-09-2024"]
[Site "Chess.com"]
[Date "2024.07.09"]
[Round "3"]
[White "betta2004"]
[Black "klauser63"]
[Result "1-0"]
[WhiteElo "2514"]
[BlackElo "2310"]
[TimeControl "180+1"]
[EndTime "8:29:17 PDT"]
[Termination "betta2004 won by checkmate"]

1. d4 d5 2. Nf3 Nf6 3. e3 Bg4 4. b3 e6 5. Bb2 Be7 6. Nbd2 O-O 7. Bd3 Nbd7 8. h3 Bh5 9. c4 c6 10. Qc2 Rc8 11. Ne5 c5 12. Nxd7 Qxd7 13. dxc5 Rxc5 14.
g4 Bg6 15. Bxg6 hxg6 16. O-O-O b5 17. Kb1 bxc4 18. bxc4 Rb8 19. Ka1 Qc6 20. Bd4 Nd7 21.
Rb1 Rxb1+ 22. Rxb1 Ra5 23. f4 Nb6 24. Nb3 Ra4 25.
c5 Nd7 26. g5 Rb4 27. Qc3 Rc4 28. Na5 Qa6 29. Nxc4 dxc4 30. Bxg7 Nxc5 31. Rb8+ Kh7 32. Rh8# 1-0

[Event "Early-Titled-Tuesday-Blitz-July-09-2024"]
[Site "Chess.com"]
[Date "2024.07.09"]
[Round "3"]
[White "pfalcon1949"]
[Black "SuanTiltado"]
[Result "0-1"]
[WhiteElo "1882"]
[BlackElo "2361"]
[TimeControl "180+1"]
[EndTime "8:29:18 PDT"]
[Termination "SuanTiltado won on time"]

1. e4 c6 2. d4 d5 3. e5 Bf5 4. h4 h5 5. Bg5 Qb6 6. Bd3 Qxd4 7. Nf3 Qg4 8. O-O e6 9. Bxf5 Qxf5 10. c4 Be7 11. Nc3 Bxg5 12. Nxg5 Ne7 13. Re1 Qg4 14. Qb3 Qxc4 15. Qxb7 Qa6 16. Qxa8 O-O 17. b4 Nd7 18.
Qxf8+ Kxf8 19. a4 Qc4 20. Rec1 Qxh4 21. Nf3 Qg4 22. b5 c5 23. a5 h4 24. b6 h3 25. Ne1 axb6 26. a6 Nc6 27. Nb5 Ndxe5 28. a7 Nxa7 29. Rxa7 Nf3+ 30. Kf1 Nxe1 31. gxh3 Qf4 32.
Rxe1 Qc4+ 33. Kg2 Qxb5 34. Rea1 g5 35. Ra8+ Kg7 0-1

[Event "Early-Titled-Tuesday-Blitz-July-09-2024"]
[Site "Chess.com"]
[Date "2024.07.09"]
[Round "3"]
[White "TioCridineno"]
[Black "CM_rui"]
[Result "1-0"]
[WhiteElo "2421"]
[BlackElo "2576"]
[TimeControl "180+1"]
[EndTime "8:29:19 PDT"]
[Termination "TioCridineno won on time"]

1. e4 e5 2. Nf3 Nc6 3. Bb5 a6 4. Ba4 Nf6 5. O-O Be7 6. Re1 b5 7. Bb3 O-O 8. d4 exd4 9. e5 Ne8 10. Bd5 Bb7 11. Nxd4 Rb8 12. Nf5 Bg5 13. Nc3 Bxc1 14.
Rxc1 Qg5 15. Qf3 Nxe5 16. Qe4 Bxd5 17. Nxd5 Nc6 18. h4 Qd2 19. Rcd1 Qa5 20. Qg4 g6 21. h5 Kh8 22. Nh6 Ng7 23. Nf6 Qxa2 24. Nxd7 Nxh5 25.
Nxf8 Rxf8 26. Qd7 Qc4 27. b3 Qxc2 28. Nxf7+ Kg8 29. Re8 Qc5 30. Nh6+ Kh8 31. Qf7 1-0

[Event "Early-Titled-Tuesday-Blitz-July-09-2024"]
[Site "Chess.com"]
[Date "2024.07.09"]
[Round "3"]
[White "Flawless_Fighter"]
[Black "paranoyak"]
[Result "1-0"]
[WhiteElo "2800"]
[BlackElo "2554"]
[TimeControl "180+1"]
[EndTime "8:29:20 PDT"]
[Termination "Flawless_Fighter won by resignation"]

1. Nf3 Nc6 2. d4 d5 3. g3 Bf5 4. Bg2 Nb4 5. Na3 e6 6. O-O c5 7. c3 Nc6 8. Nc2 Nf6 9. Bg5 Be7 10. Bxf6 Bxf6 11. dxc5 Qe7 12. Ncd4 Be4 13. b4 O-O 14. Nxc6 bxc6 15. Nd4 Bxg2 16. Kxg2 Rfc8 17. Qa4 Qb7 18. Rab1 Rab8 19. e3 g6 20. h4 e5 21. Nb3 Qb5 22.
Qxb5 Rxb5 23. a4 Rbb8 24. a5 a6 25. Nc1 Bg7 26. Nd3 Re8 27. Nb2 f5 28. Na4 h6 29. Nb6 g5 30. hxg5 hxg5 31. Rfd1 f4 32. c4 d4 33. gxf4 dxe3 34. fxg5 exf2 35. Kxf2 e4 36. Ke3 Rb7 37. Rd7 Rbb8 38. Rf1 Bb2 39. g6 Re6 40. g7 Rg6 41. Rf8+ Rxf8 42. gxf8=Q+ Kxf8 43.
Kxe4 Bc3 44. Rb7 Bxb4 45. Nd7+ Ke8 46. Ne5 Rh6 47. Rxb4 Ke7 48. Rb6 Rh4+ 49. Kf5 Rh5+ 50. Kf4 Rh4+ 51. Kg5 Re4 52. Kf5 Rh4 53. Rxa6 1-0

[Event "Early-Titled-Tuesday-Blitz-July-09-2024"]
[Site "Chess.com"]
[Date "2024.07.09"]
[Round "3"]
[White "zacachess"]
[Black "Statham_01"]
[Result "1-0"]
[WhiteElo "2477"]
[BlackElo "2665"]
[TimeControl "180+1"]
[EndTime "8:29:20 PDT"]
[Termination "zacachess won by checkmate"]

1. e4 e5 2. Nf3 Nf6 3. d4 Nxe4 4. Bd3 d5 5. Nxe5 Nd7 6. Nc3 Bd6 7. Nxe4 Nxe5 8.
Nxd6+ cxd6 9. dxe5 dxe5 10. O-O O-O 11. Re1 Qf6 12. Qh5 e4 13. Bf1 Bf5 14. c3 Bg6 15. Qxd5 Rad8 16. Qg5 Qb6 17. Qb5 Qc7 18. Be3 a6 19.
Qc5 Qb8 20. Rad1 Rc8 21. Qd6 Qa8 22. Be2 b5 23. h4 h6 24. Bd4 Qb7 25. Qg3 h5 26.
Bxh5 Rc6 27. Be2 f5 28. h5 f4 29. Qg5 Bh7 30. Bg4 Qf7 31. Be5 Rc7 32. Bxc7 Qxc7 33.
Rd7 Qxd7 34. Bxd7 e3 35. Be6+ Kh8 36. fxe3 fxe3 37. Rxe3 Re8 38. Rg3 Rf8 39. Qxg7# 1-0